Map: [ESL] Alcyone

Players

MarsBar

  • Race: Zerg Zerg
  • Spawn Location: 1:00

Future - Winner!

  • Race: Terran Terran
  • Spawn Location: 7:00

Event: ESL Spring 2024 Finals

VOD

Have the link to the VOD?

Description

Time

  • Played on: May 31, 2024, 12:01 p.m.
  • Length: 6:48

All games in this series

Show
View Real Time Build Order
Export as new Build Order

MarsBar Zerg 

Build Orders: Pool First 

Get SALT Encoding   

  12  0:00  Drone  
  13  0:12  Overlord  
  13  0:16  Drone  
  14  0:30  Drone x2  
  16  0:40  Drone, Extractor  
  16  0:52  Spawning Pool  
  16  0:53  Drone  
  16  0:56  Drone  
  17  1:17  Hatchery  
  16  1:19  Drone  
  17  1:39  Zergling x2  
  19  1:40  Zergling x4  
  19  1:42  Metabolic Boost  
  20  1:57  Roach Warren  
  19  2:03  Queen  
  21  2:13  Overlord  
  21  2:15  Overlord  
  20  2:39  Drone x2  
  20  2:43  Roach x3  
  28  2:53  Zergling x4  
  29  3:06  Ravager x2  
  29  3:10  Zergling x2  
  29  3:11  Zergling x2  
  33  3:19  Zergling x4  
  36  3:20  Zergling x4  
  37  3:33  Zergling x6  
  40  3:47  Ravager  
  38  3:55  Zergling x10  
  42  3:56  Zergling x2  
  42  3:59  Overlord  
  34  4:24  Zergling x10  
  35  4:48  Zergling x12  
  37  4:53  Queen  
  34  5:04  Zergling x4  
  30  5:17  Drone x2  
  30  5:20  Drone x2  
  34  5:25  Drone x3  
  37  5:42  Zergling x6  
  37  6:02  Drone x6  
  38  6:11  Drone  
  38  6:21  Roach x2  
Show
View Real Time Build Order
Export as new Build Order

Future Terran - Winner!

Build Orders:  

Get SALT Encoding   

  12  0:00  SCV  
  13  0:12  SCV  
  14  0:18  Supply Depot  
  14  0:24  SCV  
  15  0:39  SCV  
  15  0:41  Barracks  
  16  0:45  Refinery  
  16  0:52  SCV  
  17  1:00  Barracks  
  17  1:04  SCV  
  18  1:16  SCV  
  19  1:28  Orbital Command, Reaper  
  20  1:35  Supply Depot  
  20  1:48  Reaper  
  22  1:54  SCV  
  22  2:04  Reaper  
  22  2:06  SCV  
  24  2:11  Command Center  
  24  2:18  SCV  
  24  2:19  Refinery  
  25  2:23  Reaper  
  26  2:30  SCV  
  27  2:39  Marine  
  27  2:42  SCV  
  27  2:43  Supply Depot  
  29  2:50  Bunker  
  29  2:54  SCV  
  29  2:55  Barracks Tech Lab  
  30  3:02  Marine  
  31  3:10  SCV  
  32  3:16  Concussive Shells  
  32  3:17  Marauder  
  34  3:21  Factory  
  34  3:22  SCV  
  34  3:23  Orbital Command, Marine  
  37  3:34  SCV  
  37  3:45  Marine, Marauder  
  37  3:46  SCV  
  40  3:51  SCV  
  40  3:59  SCV  
  41  4:03  SCV, Marine  
  41  4:04  Cyclone  
  41  4:07  Marauder  
  47  4:15  SCV x2  
  48  4:27  Supply Depot, SCV  
  48  4:28  SCV, Marine, Stimpack  
  48  4:29  Marauder  
  53  4:37  Cyclone  
  54  4:47  Starport  
  54  4:48  SCV x2  
  54  4:51  Supply Depot  
  57  5:00  SCV  
  57  5:01  SCV  
  48  5:10  Marine, Barracks  
  48  5:11  Marine, Barracks x2  
  48  5:13  SCV x2, Cyclone  
  52  5:21  Supply Depot  
  52  5:25  SCV x2  
  54  5:28  Marine x2  
  54  5:30  Medivac  
  58  5:37  SCV  
  58  5:38  SCV  
  60  5:44  Supply Depot  
  60  5:46  Factory Tech Lab  
  60  5:47  Marine  
  60  5:48  Marine  
  60  5:49  SCV  
  63  5:51  SCV, Engineering Bay  
  63  5:54  Engineering Bay  
  64  6:03  Barracks Reactor x3  
  64  6:06  Siege Tank  
  64  6:10  Refinery  
  64  6:11  Refinery  
  67  6:12  Starport Reactor  
  67  6:17  SCV  
  67  6:18  SCV  
  69  6:19  Barracks Reactor  
  69  6:23  Supply Depot  
  69  6:24  Marine  
  70  6:26  Supply Depot  
  71  6:32  SCV  
  71  6:33  SCV  
  71  6:38  Command Center  
Tags
 
Add a new tag
Caveats
  • Supply blocks, unpowered buildings, or Contaminate may cause inaccurate times.
  • Supply counts are checked every 10 seconds.